 Dungeon Crawl Stone Soup version 0.26-a0-438-g4b1dca4f87 (webtiles) character file.

Game seed: 11661241087630694606

69875 Ge0ff the Basher (level 15, -6/117 HPs)
             Began as a Human Berserker on July 25, 2020.
             Was the Champion of Trog.
             Killed from afar by Kaitenol's ghost (56 damage)
             ... with a stone arrow
             ... on level 1 of the Orcish Mines on July 26, 2020.
             The game lasted 01:07:49 (23368 turns).

Ge0ff the Basher (Human Berserker)                 Turns: 23368, Time: 01:07:50

Health: -6/117     AC: 28    Str: 24    XL:     15   Next: 75%
Magic:  15/15      EV: 13    Int:  6    God:    Trog [******]
Gold:   1965       SH:  0    Dex: 17    Spells: 14/14 levels left

rFire    . . .     SeeInvis .   h - +6 shillelagh "Devastator" {shatter}
rCold    . . .     Faith    +   (no shield)
rNeg     + . .     Spirit   .   g - +0 plate armour
rPois    +         Reflect  .   Q - +0 hat "Far Namp" {+Blink +Inv Regen+ Str+6}
rElec    .         Harm     .   A - +2 ratskin cloak {+Rats rPois rN+ Str-1 Int-1 Dex+1}
rCorr    .                      J - +0 pair of gloves
MR       +....                  v - +0 pair of boots
Stlth    ..........             r - amulet of faith
HPRegen  0.69/turn              N - +4 ring of protection {=R}
MPRegen  0.14/turn              Y - +4 ring of protection

@: very slightly contaminated, studying Dodging, invisible
A: weak 1
a: Berserk, Trog's Hand, Brothers in Arms, Renounce Religion, Evoke Blink, Evoke
Ratskin


You were on level 1 of the Orcish Mines.
You worshipped Trog.
Trog was exalted by your worship.
You visited 4 branches of the dungeon, and saw 20 of its levels.
You also visited: Ossuary and Gauntlet.

You collected 2028 gold pieces.
You spent 63 gold pieces at shops.

Inventory:

Hand Weapons
 a - a +2 dagger of electrocution
 h - the +6 shillelagh "Devastator" (weapon) {shatter}
   (You found it in a Gauntlet)
 w - a +4 triple sword of flaming
 O - the +8 whip "Snakebite" {curare, rPois}
   (You found it on level 4 of the Lair of Beasts)

   It poisons the flesh of those it strikes.
   It protects you from poison.
Armour
 c - +0 ice dragon scales
 g - a +0 plate armour (worn)
 v - a +0 pair of boots (worn)
 A - the +2 ratskin cloak (worn) {+Rats rPois rN+ Str-1 Int-1 Dex+1}
   (You found it on level 6 of the Dungeon)

   It affects your strength (-1).
   It affects your intelligence (-1).
   It affects your dexterity (+1).
   It protects you from poison.
   It protects you from negative energy.
 J - a +0 pair of gloves (worn)
 Q - the +0 hat "Far Namp" (worn) {+Blink +Inv Regen+ Str+6}
   (You found it in a Gauntlet)

   It affects your strength (+6).
   It lets you turn invisible.
   It lets you blink.
   It increases your rate of regeneration.
Jewellery
 r - an amulet of faith (around neck)
 t - an uncursed ring of protection from fire
 u - an uncursed ring of flight
 z - an uncursed ring of positive energy
 D - an uncursed ring of protection from magic
 N - a +4 ring of protection (left hand) {=R}
 Y - a +4 ring of protection (right hand)
Wands
 d - a wand of digging (25)
 f - a wand of flame (34)
 j - a wand of acid (21)
 k - a wand of iceblast (29)
 p - a wand of paralysis (18)
 s - a wand of disintegration (23)
 P - a wand of polymorph (24)
Scrolls
 i - 6 scrolls of identify
 m - a scroll of magic mapping
 y - 3 scrolls of immolation
 B - 5 scrolls of blinking
 C - 9 scrolls of remove curse
 E - 4 scrolls of fear
 F - 2 scrolls of fog
 T - 7 scrolls of teleportation
 V - 2 scrolls of vulnerability
Potions
 o - 5 potions of ambrosia
 q - 4 potions of curing
 H - 4 potions of haste {!q}
 I - a potion of invisibility
 K - 4 potions of magic {!q}
 L - a potion of lignification
 M - a potion of might
 R - 2 potions of resistance
 W - 4 potions of heal wounds {!q}
 X - 4 potions of flight
 Z - 2 potions of berserk rage {!q}
Books
 G - a manual of Dodging
Miscellaneous
 l - a lightning rod (4/4)
 U - a phantom mirror


   Skills:
 + Level 10.5 Fighting
 * Level 14.2 Long Blades
 * Level 14.2 Maces & Flails
 + Level 9.2 Armour
 + Level 10.8 Dodging
 - Level 2.0 Stealth
 + Level 6.7 Evocations


You had 14 spell levels left.
You didn't know any spells.
Your spell library was empty.

Dungeon Overview and Level Annotations

Branches:
Dungeon (12/15)            Temple (1/1) D:6            Lair (6/6) D:10
  Swamp (0/4) Lair:4       Spider (0/4) Lair:4        Slime (0/5) Lair:6
    Orc (1/2) D:10        Ossuary (visited)         Gauntlet (visited)

Altars:
Fedhas
Qazlal
Trog
Uskayaw
Jiyva

Shops:
D:4 (   D:9 [   D:11 (   Orc:1 (

Portals:
Trove: D:12 (give 4 scrolls of blinking)

Annotations:
D:12 +4 double sword (dig)
Lair:1 stash
Orc:1 1 transporter, Kaitenol's ghost, journeyman DECj


Innate Abilities, Weirdness & Mutations

You are weak. (Str -2)


Message History

You sock Kaitenol's ghost!
The neqoxec shudders.
Kaitenol's ghost is severely damaged.
The neqoxec is lightly wounded.
Kaitenol's ghost is severely damaged.
You hit Kaitenol's ghost.
The neqoxec shudders.
Kaitenol's ghost is severely damaged.
The neqoxec is moderately wounded.
Kaitenol's ghost is severely damaged.
The neqoxec gestures at Kaitenol's ghost.
Kaitenol's ghost is unaffected.
Kaitenol's ghost casts a spell at you. The iron shot hits you!!!
You hit Kaitenol's ghost.
The neqoxec shudders.
The neqoxec is moderately wounded.
Kaitenol's ghost is severely damaged.
You closely miss Kaitenol's ghost.
Kaitenol's ghost is severely damaged.
Kaitenol's ghost casts a spell at you. The stone arrow hits you!!!
You die...

#####..........#..##.###.
#.....####©###.........##
##.#####..###.##.........#
#..#©...#......##....#....
#.##...#...#....#....#....
#.#.....3#..##..#....#....
#.#..##..©..#...#..####.))
#.#.....#W....#.##.###..).
#.##.##..@###....#.)##..<)
#..#....)[?$.#..##........
##.##..#####..###..(..))..
##...####.©.####........###
##................##.(.)###
##............#.####.......##
##.#....#.......####..((.(..##
#................#........))..
##....≈≈≈...##.........))())..


You could see a neqoxec and Kaitenol's ghost.

Vanquished Creatures
  A stone giant (Orc:1)
  A minotaur (Gauntlet)
  A fire dragon (Lair:6)
  A vault guard (D:12)
  Josephine (D:12)
  8 hydras
  A two-headed ogre (D:10)
  Erica (D:12)
  6 death yaks (Lair:5)
  A queen ant (Lair:3)
  Urug (D:12)
  Nergalle (D:12)
  2 sixfirhies (Gauntlet)
  A swamp dragon (Lair:6)
  A necromancer (Lair:3)
  3 oklob plants (Lair:5)
  2 orc knights (D:12)
  3 orc sorcerers (Orc:1)
  An ugly thing (D:12)
  A cyclops (D:11)
  A manticore (D:11)
  10 elephants
  4 black mambas
  10 cane toads
  Maggie (D:7)
  3 rime drakes
  6 komodo dragons
  A demonic crawler (Lair:4)
  10 polar bears
  2 trolls
  2 hornets
  A tyrant leech (Lair:4)
  21 blink frogs
  4 raiju (Lair:6)
  5 hippogriffs
  6 dream sheep (Lair:6)
  Sigmund (D:2)
  3 basilisks
  3 wyverns
  40 yaks
  4 wraiths
  5 neqoxecs
  4 chaos spawn (Gauntlet)
  5 wargs
  14 water moccasins
  3 acid dragons
  8 soldier ants
  13 hell hounds (Lair:6)
  6 porcupines
  4 swamp drakes
  An ice beast (D:10)
  10 sky beasts
  14 orc warriors
  A phantom (D:9)
  12 black bears
  An elephant zombie (Lair:3)
  An eye of draining (D:12)
  19 wolves
  7 ogres
  8 centaurs
  7 necrophages
  11 crocodiles
  Blork the orc (D:4)
  An elf zombie (Ossuary)
  15 bullfrogs
  A water moccasin zombie (D:10)
  5 scorpions
  4 killer bees (D:7)
  5 howler monkeys
  5 wights (D:8)
  4 electric eels
  3 centaur zombies
  2 quasits (Orc:1)
  6 hounds
  A basilisk zombie (Lair:3)
  2 human zombies (Ossuary)
  17 orc priests
  4 centaur skeletons
  2 jellies
  A hell rat (D:6)
  3 iguanas
  15 orc wizards
  34 worker ants
  A crocodile zombie (Lair:3)
  A hound zombie (D:10)
  A hound skeleton (D:4)
  2 mummies (Ossuary)
  A worker ant zombie (D:7)
  15 adders
  4 gnolls (Orc:1)
  6 river rats (D:6)
  2 shadow imps
  5 white imps
  3 ufetubi
  An ooze (D:2)
  2 adder zombies (Ossuary)
  An adder skeleton (D:4)
  4 worms
  5 dart slugs
  3 leopard geckos
  78 orcs
  7 bats
  5 giant cockroaches
  10 goblins
  7 hobgoblins
  8 jackals (D:1)
  A quokka (D:3)
  2 ball pythons
  4 frilled lizards
  3 goblin zombies (Ossuary)
  6 hobgoblin zombies (Ossuary)
  A jackal skeleton (D:4)
  2 jackal zombies (Ossuary)
  9 kobolds
  8 kobold zombies (Ossuary)
  11 orc zombies (Ossuary)
  A quokka skeleton (D:6)
  24 rats
  A rat zombie (Ossuary)
  2 fungi
  5 plants
713 creatures vanquished.

Vanquished Creatures (others)
  A bush (Lair:6)
  5 fungi
  20 plants
26 creatures vanquished.

Grand Total: 739 creatures vanquished

Notes
Turn   | Place    | Note
-------+----------+-------------------------------------------
     0 | D:1      | Ge0ff the Human Berserker began the quest for the Orb.
     0 | D:1      | Reached XP level 1. HP: 18/18 MP: 1/1
    98 | D:1      | Reached XP level 2. HP: 24/24 MP: 2/2
   303 | D:1      | Reached XP level 3. HP: 29/29 MP: 3/3
   472 | D:1      | Reached ** piety under Trog
   684 | D:1      | You fall into a shaft and drop 1 floor!
   695 | D:2      | Reached XP level 4. HP: 35/35 MP: 4/4
  1225 | D:2      | Noticed Sigmund
  1273 | D:2      | Reached skill level 5 in Long Blades
  2689 | D:2      | Reached XP level 5. HP: 25/41 MP: 5/5
  2932 | D:2      | Killed Sigmund
  2932 | D:2      | Reached XP level 6. HP: 33/47 MP: 6/6
  3235 | D:3      | Reached *** piety under Trog
  3449 | D:3      | Found a stormy altar of Qazlal.
  3523 | D:3      | Found a faded altar of an unknown god.
  3904 | D:4      | Reached skill level 1 in Stealth
  3904 | D:4      | Reached XP level 7. HP: 50/52 MP: 7/7
  4181 | D:4      | Found Heshanit's Antique Weapon Shop.
  4423 | D:4      | Found a blossoming altar of Fedhas.
  4429 | D:4      | Noticed Blork the orc
  4445 | D:4      | Killed Blork the orc
  5010 | D:5      | Entered Level 5 of the Dungeon
  5174 | D:5      | Found a sand-covered staircase.
  5183 | Ossuary  | Entered an ossuary
  5247 | Ossuary  | Reached **** piety under Trog
  5401 | Ossuary  | Reached XP level 8. HP: 48/61 MP: 8/8
  5437 | Ossuary  | Reached skill level 1 in Maces & Flails
  6556 | D:6      | Reached skill level 5 in Fighting
  6781 | D:6      | Noticed a yak
  6782 | D:6      | Noticed a yak
  6785 | D:6      | Noticed a yak
  6786 | D:6      | Noticed a yak
  6788 | D:6      | Noticed a yak
  6797 | D:6      | Killed a yak
  6797 | D:6      | Reached skill level 5 in Maces & Flails
  6829 | D:5      | Killed a yak
  6829 | D:5      | Reached XP level 9. HP: 15/68 MP: 9/9
  7362 | D:6      | Reached ***** piety under Trog
  7505 | D:6      | Found the +2 ratskin cloak {+Rats rPois rN+ Str-1 Int-1
                  | Dex+1}
  8075 | D:6      | Found a staircase to the Ecumenical Temple.
  8109 | Temple   | Entered the Ecumenical Temple
  8345 | D:7      | Noticed Maggie
  8369 | D:7      | Killed Maggie
  8369 | D:7      | Reached skill level 1 in Evocations
  8369 | D:7      | Reached XP level 10. HP: 76/76 MP: 10/10
  9349 | D:7      | Received a gift from Trog
  9772 | D:8      | Noticed Psyche
  9773 | D:8      | Noticed Psyche
  9773 | D:8      | Psyche changed into Psyche the swamp drake
  9788 | D:8      | Killed Psyche the swamp drake
 10205 | D:9      | Found Sioleab's Armour Shoppe.
 10214 | D:9      | Bought a +0 pair of boots for 63 gold pieces
 11114 | D:9      | Reached XP level 11. HP: 80/83 MP: 11/11
 11612 | D:10     | Entered Level 10 of the Dungeon
 12049 | D:10     | Reached skill level 10 in Maces & Flails
 12066 | D:10     | Reached skill level 10 in Long Blades
 12133 | D:10     | Received a gift from Trog
 12451 | D:10     | Found a staircase to the Orcish Mines.
 12511 | D:10     | Noticed a two-headed ogre
 12521 | D:10     | Killed a two-headed ogre
 12787 | D:10     | Found a staircase to the Lair.
 12787 | D:10     | Noticed an elephant
 12816 | D:10     | Killed an elephant
 12816 | D:10     | Reached skill level 5 in Armour
 12828 | D:10     | Reached skill level 5 in Dodging
 13086 | D:11     | Found Maet Riylo's Weapon Boutique.
 13294 | D:11     | Found a gate leading to a gauntlet.
 13299 | Gauntlet | Entered a Gauntlet
 13299 | Gauntlet | Found a transporter.
 13299 | Gauntlet | Found a transporter.
 13318 | Gauntlet | Found a transporter.
 13338 | Gauntlet | Found a transporter.
 13347 | Gauntlet | Found the +6 shillelagh "Devastator" {shatter}
 13348 | Gauntlet | Found a transporter.
 13349 | Gauntlet | Found a transporter.
 13363 | Gauntlet | Noticed a sixfirhy
 13364 | Gauntlet | Noticed a sixfirhy
 13369 | Gauntlet | Found a transporter.
 13382 | Gauntlet | Noticed a death ooze
 13383 | Gauntlet | Found a transporter.
 13397 | Gauntlet | Found a transporter.
 13400 | Gauntlet | Found a transporter.
 13411 | Gauntlet | Found a transporter.
 13411 | Gauntlet | Found a transporter.
 13412 | Gauntlet | Noticed an oklob plant
 13506 | Gauntlet | Reached XP level 12. HP: 88/92 MP: 12/12
 13739 | Gauntlet | Killed a sixfirhy
 13753 | Gauntlet | Killed a sixfirhy
 13756 | Gauntlet | Got a dazzling hat
 13762 | Gauntlet | Identified the cursed +0 hat "Far Namp" {+Blink +Inv Regen+
                  | Str+6} (You found it in a Gauntlet)
 13911 | Gauntlet | Noticed a minotaur
 13920 | Gauntlet | Killed a minotaur
 13932 | Gauntlet | Identified the Papyrus of the Twisted Birds
 13933 | Gauntlet | Got a glimmering dagger
 13936 | Gauntlet | Identified the +1 dagger "Udihoatz" {freeze, +Rage Int+2
                  | Dex+6 Stlth-} (You found it in a Gauntlet)
 14467 | D:12     | Noticed Nergalle
 14488 | D:12     | Killed Nergalle
 14510 | D:12     | Noticed Urug
 14513 | D:12     | Noticed Erica
 14530 | D:12     | Killed Erica
 14535 | D:12     | Killed Urug
 14674 | D:12     | Noticed a +4 double sword
 14826 | D:12     | Noticed Josephine
 14828 | D:12     | Reached XP level 13. HP: 99/99 MP: 13/13
 14835 | D:12     | Killed Josephine
 14906 | D:12     | Noticed a vault guard
 14916 | D:12     | Killed a vault guard
 14940 | D:12     | Found a portal to a secret trove of treasure.
 15447 | Lair:1   | Entered Level 1 of the Lair of Beasts
 15655 | Lair:1   | Received a gift from Trog
 15766 | Lair:1   | Identified a scroll of acquirement
 15766 | Lair:1   | Acquired a manual of Dodging
 16452 | Lair:2   | Noticed a four-headed hydra
 16463 | Lair:2   | Killed a one-headed hydra
 17054 | Lair:2   | Noticed an eight-headed hydra
 17068 | Lair:2   | Killed a one-headed hydra
 17927 | Lair:3   | Reached XP level 14. HP: 108/108 MP: 14/14
 18928 | Lair:4   | Found a hole to the Spider Nest.
 19178 | Lair:4   | Found a staircase to the Swamp.
 19318 | Lair:4   | Received a gift from Trog
 19340 | Lair:4   | Found the +8 whip "Snakebite" {curare, rPois}
 19657 | Lair:4   | Reached skill level 5 in Evocations
 19951 | Lair:5   | Reached skill level 10 in Fighting
 20899 | Lair:6   | Entered Level 6 of the Lair of Beasts
 20950 | Lair:6   | Reached XP level 15. HP: 108/115 MP: 12/15
 20984 | Lair:6   | Reached ****** piety under Trog
 21071 | Lair:6   | Reached skill level 10 in Dodging
 21097 | Lair:6   | Upgraded the game from 0.26-a0-415-g2a9615731a to
                  | 0.26-a0-438-g4b1dca4f87
 21159 | Lair:6   | Received a gift from Trog
 21450 | Lair:6   | Found a viscous altar of Jiyva.
 21450 | Lair:6   | Found a staircase to the Slime Pits.
 21924 | Lair:6   | Got a pair of buzzing boots
 21925 | Lair:6   | Identified the +2 pair of boots "Xesot" {rC- rCorr MP+9
                  | Int+5} (You found it on level 6 of the Lair of Beasts)
 21934 | Lair:6   | Received a gift from Trog
 22789 | Orc:1    | Entered Level 1 of the Orcish Mines
 23027 | Orc:1    | Found a transporter.
 23062 | Orc:1    | Noticed a stone giant
 23087 | Orc:1    | Killed a stone giant
 23274 | Orc:1    | Noticed Kaitenol's ghost (journeyman DECj)
 23313 | Orc:1    | Found Midul's Weapon Boutique.
 23314 | Orc:1    | Found a transporter.
 23352 | Orc:1    | Gained mutation: You are weak. (Str -2) [a neqoxec]
 23353 | Orc:1    | Received a gift from Trog
 23368 | Orc:1    | Killed from afar by Kaitenol's ghost

Illustrated notes

Levels and vault maps discovered:
D:1:      wander_arrival_fairy_ring, layout_basic, grunt_decor_mini_mirrors
D:2:      layout_loops_ring, uniq_sigmund
D:3:      layout_loops_ring, nicolae_qazlal_general_emergency,
          chequers_ecumenical_altar_simple
D:4:      layout_basic, nicolae_overflow_crystal_walls, serial_shops, shop,
          uniq_blork_the_orc
D:5:      layout_gridville, nicolae_ossuary_entry_ruins
D:6:      wander_guarded_unrand_ratskin, layout_rooms,
          minmay_temple_entry_nine_rooms, grunt_ministairs_1, st_stairs_14
D:7:      layout_loops_ring, uniq_maggie
D:8:      layout_cave_pools, uniq_psyche
D:9:      layout_cave_pods, serial_shops, shop, nicolae_benzene_ring
D:10:     layout_gridville, david_lair_generic, hiddenorc1_lemuel
D:11:     layout_roguey, serial_shops, shop, gauntlet_entry_generic
D:12:     layout_loops_cross, enter_trove_5, sword_in_stone, uniq_josephine,
          uniq_nergalle
Temple:   regret_index_temple_chain_breaker
Lair:1:   beast_lair_carwin_large_2, layout_gridlike, guppyfry_lair_drakes
Lair:2:   layout_regular_city, serial_bayou_pond_c
Lair:3:   pond_and_an_island_with_a_cottage, layout_chaotic_city,
          chequers_serial_rivers_micro_b, zaba_antful_of_joy,
          lemuel_fruit_fields
Lair:4:   minmay_guarded_unrand_snakebite, layout_small_grid,
          palyth_hydra_swamp_entry, nicolae_spider_entry_non_spiders,
          grunt_megastairs_2
Lair:5:   layout_gridlike, roderic_carrion_pond, serial_bayou_shore_b,
          minmay_lair_oklob_chamber, grunt_megastairs_5
Lair:6:   guppyfry_lair_end_dragon, layout_hall_layers,
          hangedman_lair_caniforms_friends, dpeg_slime_entry_enclosed_altar,
          serial_forest, infiniplex_forest_straight_2,
          infiniplex_forest_corner_2, infiniplex_forest_lined_3,
          infiniplex_forest_straight_4, infiniplex_forest_clump_C,
          infiniplex_forest_lined_room_2, patterned_corridor
Orc:1:    layout_diamond_mine, gammafunk_ghost_stat_death, serial_shops,
          nicolae_shop_waterfront, rock_pile

Skill      XL: |  1  2  3  4  5  6  7  8  9 10 11 12 13 14 15 |
---------------+----------------------------------------------+-----
Long Blades    | 4 5 6 7 8 9 10 11 12 13 14 | 14.2
Stealth        | 1 2 |  2.0
Fighting       | 4 5 6 7 8 9 10 | 10.5
Maces & Flails | 6 8 9 10 11 12 13 14 | 14.2
Evocations     | 1 3 4 5 6 |  6.7
Armour         | 3 5 6 7 8 9 |  9.2
Dodging        | 3 5 6 8 9 10 | 10.8

Action                   |  1- 3 |  4- 6 |  7- 9 | 10-12 | 13-15 || total
-------------------------+-------+-------+-------+-------+-------++-------
Melee: Falchion          |    72 |    75 |    29 |       |       ||   176
       Dagger            |       |    82 |   449 |   672 |       ||  1203
       Unarmed           |       |    12 |       |       |       ||    12
       Long sword        |       |       |       |    72 |       ||    72
       Shillelagh        |       |       |       |    88 |   818 ||   906
       Scimitar          |       |       |       |       |    16 ||    16
Throw: Stone             |     5 |    11 |    70 |    68 |   127 ||   281
Invok: Berserk           |     3 |     3 |     2 |    12 |     2 ||    22
       Trog's Hand       |       |       |       |     6 |    10 ||    16
 Abil: Evoke Invisibilit |       |       |       |     2 |     5 ||     7
Evoke: Wand              |       |       |       |     3 |     5 ||     8
  Use: Potion            |       |     1 |       |     6 |     1 ||     8
       Scroll            |       |     1 |     6 |    15 |     9 ||    31
 Stab: Sleeping          |     1 |     1 |     1 |     2 |       ||     5
       Distracted        |       |       |     1 |       |       ||     1
       Paralysed         |       |       |       |     2 |       ||     2
       Invisible         |       |       |       |     3 |    14 ||    17
Armor: Animal skin       |    14 |    21 |       |       |       ||    35
       Skin              |       |     2 |       |       |     6 ||     8
       Ring mail         |       |     3 |   144 |       |       ||   147
       Chain mail        |       |       |    12 |   284 |       ||   296
       Plate armour      |       |       |       |   231 |   385 ||   616
Dodge: Dodged            |    46 |    75 |   174 |   272 |   355 ||   922
       Rpst.: Falchion   |    15 |    11 |     1 |       |       ||    27
       Long sword        |       |       |       |     7 |       ||     7
       Scimitar          |       |       |       |       |     1 ||     1

Table legend: (Time is in decaauts)
 A = Elapsed time spent in this place.
 B = Non-inter-level travel time spent in this place.
 C = Inter-level travel time spent in this place.
 D = Time resting spent in this place.
 E = Time spent auto-exploring this place.
 F = Levels seen in this place.
 G = Mean time per level.
                   A        B        C        D        E       F      G
               +--------+--------+--------+--------+--------+-----+--------+
         Total |  22971 |  21898 |   1073 |   1328 |  14880 |  22 | 1044.1 |
       Dungeon |  14305 |  13738 |    567 |    709 |   9705 |  12 | 1192.1 |
        Temple |      1 |      0 |      1 |      0 |      0 |   1 |    1.0 |
          Lair |   7114 |   6610 |    504 |    314 |   4522 |   6 | 1185.7 |
  Orcish Mines |    552 |    552 |      0 |     40 |    333 |   1 |  552.0 |
       Ossuary |    369 |    369 |      0 |      0 |    162 |   1 |  369.0 |
      Gauntlet |    628 |    628 |      0 |    264 |    157 |   1 |  628.0 |
               +--------+--------+--------+--------+--------+-----+--------+

Top non-repeatable levels by time:
     D:2: 1884 daAuts
  Lair:6: 1496 daAuts
     D:6: 1481 daAuts
     D:9: 1448 daAuts
     D:7: 1386 daAuts
     D:1: 1338 daAuts
  Lair:5: 1288 daAuts
     D:4: 1204 daAuts
     D:5: 1144 daAuts
    D:10: 1138 daAuts
  Lair:2: 1118 daAuts
  Lair:1: 1084 daAuts
  Lair:4: 1074 daAuts
  Lair:3: 1053 daAuts
    D:12: 942 daAuts
